Map: Pouso dos Defensores LE

Players

TheZergLord - Winner!

  • Race: Zerg Zerg
  • League: Grandmaster
  • Spawn Location: 7:00

ppgBubbles

  • Race: Protoss Protoss
  • League: Grandmaster
  • Spawn Location: 1:00

VOD

Have the link to the VOD?

Description

Time

  • Played on: June 12, 2017, 1:34 a.m.
  • Length: 8:41
Show
View Real Time Build Order
Export as new Build Order

TheZergLord Zerg - Winner!

Build Orders: Hatch First 

Get SALT Encoding   

  12  0:01  Drone  
  13  0:13  Overlord  
  13  0:18  Drone  
  14  0:32  Drone x2  
  14  0:35  Drone  
  17  0:53  Hatchery  
  17  0:56  Drone  
  17  0:59  Drone  
  17  1:03  Extractor  
  17  1:15  Spawning Pool  
  16  1:19  Drone  
  16  1:21  Drone  
  18  1:31  Overlord  
  18  1:53  Drone x2  
  20  2:00  Drone  
  21  2:02  Queen  
  24  2:10  Hatchery  
  24  2:11  Zergling x2  
  24  2:23  Zergling x2  
  25  2:30  Metabolic Boost  
  25  2:33  Drone  
  26  2:46  Hatchery  
  26  2:47  Drone  
  26  2:55  Queen  
  28  2:59  Drone  
  28  3:05  Drone  
  30  3:22  Overlord  
  30  3:32  Drone x3  
  32  3:41  Drone x2  
  33  3:42  Pneumatized Carapace  
  33  3:45  Drone x2  
  35  3:53  Queen  
  37  3:56  Drone x2  
  37  3:59  Drone  
  40  4:04  Drone, Queen  
  40  4:05  Drone  
  44  4:11  Overlord, Zergling x2  
  44  4:12  Zergling x2  
  44  4:13  Drone  
  44  4:14  Drone  
  44  4:16  Drone  
  49  4:19  Drone  
  50  4:28  Overlord x2  
  50  4:34  Roach Warren  
  50  4:38  Drone x2  
  51  4:47  Overlord  
  51  4:48  Drone x3  
  51  4:49  Drone x5  
  59  4:55  Lair  
  60  5:01  Queen x2  
  60  5:02  Extractor  
  63  5:08  Spore Crawler  
  63  5:09  Spore Crawler  
  61  5:14  Drone x4  
  61  5:15  Drone x3  
  61  5:16  Drone  
  61  5:19  Extractor x2  
  67  5:24  Spore Crawler  
  66  5:35  Drone  
  66  5:36  Drone  
  66  5:38  Drone x3  
  66  5:39  Drone x3  
  66  5:40  Drone x5  
  66  5:42  Extractor  
  78  5:44  Extractor  
  77  5:55  Drone, Hydralisk Den  
  77  5:57  Drone  
  77  5:58  Drone x2  
  77  6:02  Overlord  
  77  6:03  Overlord x3  
  80  6:17  Overlord  
  80  6:18  Overlord x2, Spore Crawler  
  79  6:31  Muscular Augments, Overlord  
  79  6:35  Hydralisk x2  
  79  6:36  Hydralisk x7  
  97  6:47  Hydralisk  
  97  6:48  Hydralisk x3  
  97  6:52  Hydralisk  
  97  6:53  Extractor  
  104  7:02  Hydralisk x3  
  110  7:08  Overlord x2  
  109  7:19  Hydralisk x3  
  109  7:20  Hydralisk  
  110  7:40  Queen x3  
  116  7:44  Hydralisk x3  
  116  7:45  Hydralisk x4  
  116  7:50  Overlord x2  
  130  7:55  Drone  
  130  7:56  Drone x2  
  130  7:57  Evolution Chamber x2  
  131  8:01  Hydralisk x3  
  137  8:08  Spore Crawler  
  137  8:09  Spore Crawler x2  
  137  8:12  Hydralisk x5  
Show
View Real Time Build Order
Export as new Build Order

ppgBubbles Protoss 

Build Orders:  

Get SALT Encoding   

  12  0:04  Probe (Chrono Boost)  
  13  0:15  Probe (Chrono Boost)  
  14  0:21  Pylon  
  14  0:25  Probe (Chrono Boost)  
  15  0:39  Probe (Chrono Boost)  
  16  0:50  Probe (Chrono Boost)  
  16  0:51  Forge  
  17  1:01  Probe (Chrono Boost)  
  18  1:08  Pylon  
  19  1:11  Probe (Chrono Boost)  
  19  1:23  Pylon  
  19  1:33  Photon Cannon  
  19  1:35  Photon Cannon  
  19  1:47  Pylon  
  19  1:54  Nexus  
  19  2:00  Probe (Chrono Boost)  
  20  2:07  Gateway  
  20  2:11  Probe (Chrono Boost)  
  20  2:14  Assimilator  
  21  2:18  Assimilator  
  21  2:22  Probe (Chrono Boost)  
  22  2:32  Probe (Chrono Boost)  
  22  2:35  Photon Cannon  
  23  2:43  Probe (Chrono Boost)  
  24  2:53  Probe (Chrono Boost)  
  24  2:55  Cybernetics Core  
  24  2:58  Zealot  
  26  3:04  Probe (Chrono Boost)  
  27  3:08  Probe (Chrono Boost)  
  28  3:15  Probe (Chrono Boost)  
  28  3:19  Probe (Chrono Boost)  
  30  3:25  Probe (Chrono Boost)  
  31  3:28  Pylon  
  31  3:32  Probe (Chrono Boost)  
  31  3:39  Probe (Chrono Boost)  
  32  3:46  Stargate  
  32  3:48  Stargate  
  32  3:51  Probe (Chrono Boost)  
  32  3:52  Assimilator  
  32  3:53  Probe (Chrono Boost)  
  32  3:55  Assimilator  
  34  3:57  Warp Gate  
  34  4:02  Probe (Chrono Boost)  
  35  4:03  Probe (Chrono Boost)  
  35  4:07  Photon Cannon  
  36  4:12  Pylon  
  36  4:15  Probe (Chrono Boost)  
  37  4:17  Probe (Chrono Boost)  
  38  4:26  Void Ray  
  38  4:32  Void Ray  
  48  4:53  Probe x2 (Chrono Boost)  
  48  4:56  Pylon  
  48  5:03  Void Ray  
  48  5:09  Void Ray  
  48  5:13  Probe (Chrono Boost)  
  54  5:15  Probe (Chrono Boost)  
  58  5:24  Pylon  
  58  5:27  Probe x2 (Chrono Boost)  
  60  5:39  Probe x2 (Chrono Boost)  
  62  5:43  Void Ray  
  62  5:44  Twilight Council  
  62  5:47  Gateway  
  66  5:51  Void Ray  
  70  6:08  Charge  
  70  6:10  Protoss Ground Weapons Level 1  
  70  6:20  Gateway  
  70  6:26  Void Ray  
  74  6:34  Void Ray  
  78  6:42  Gateway  
  78  6:44  Gateway  
  78  6:49  Gateway  
  78  7:19  Pylon  
  78  7:23  Gateway  
  78  7:27  Gateway  
  78  7:28  Gateway  
  78  7:31  Pylon  
  78  7:32  Pylon  
  78  7:34  Void Ray  
  78  7:37  Void Ray  
  78  7:39  Zealot  
  78  7:40  Zealot  
  86  7:52  Pylon  
  86  7:53  Pylon  
  86  7:54  Zealot  
  86  7:58  Zealot x3  
  92  8:01  Zealot  
  96  8:15  Zealot  
  76  8:30  Zealot  
  76  8:33  Zealot  
Tags
 
Add a new tag
Caveats
  • Supply blocks, unpowered buildings, or Contaminate may cause inaccurate times.
  • Supply counts are checked every 10 seconds.